 Dungeon Crawl Stone Soup version 0.29-a0-923-g6e406bff71 (webtiles) character file.

Game seed: 6237782481559757248

7094 Plasmagod the Slicer (level 10, -8/88 HPs)
             Began as a Minotaur Fighter on July 28, 2022.
             Was a Priest of Qazlal.
             Mangled by an Executioner (12 damage)
             ... on level 2 of the Abyss.
             The game lasted 00:26:04 (8781 turns).

Plasmagod the Slicer (Minotaur Fighter)             Turns: 8781, Time: 00:26:04

Health: -8/88      AC: 15    Str: 23    XL:     10   Next: 84%
Magic:  0/12       EV: 17    Int:  5    God:    Qazlal [***...]
Gold:   541        SH: 10    Dex: 12    Spells: 9/9 levels left

rFire   . . .      SeeInvis .   a - +1 rapier (protect)
rCold   . . .      Faith    .   c - +0 buckler
rNeg    . . .      Spirit   +   x - +0 chain mail
rPois   .          Reflect  .   (helmet restricted)
rElec   .          Harm     .   w - +1 cloak
rCorr   .          Rampage  .   q - +0 pair of gloves
Will    .....                   (no boots)
Stlth   ..........              k - amulet of guardian spirit
HPRegen 0.24/turn               m - +4 ring of evasion
MPRegen 0.13/turn               j - +4 ring of evasion

@: about to teleport
A: horns 2, retaliatory headbutt
a: Renounce Religion, Upheaval, Elemental Force


You were on level 2 of the Abyss.
You worshipped Qazlal.
Qazlal was most pleased with you.
You visited 2 branches of the dungeon, and saw 10 of its levels.
You visited the Abyss 1 time.
You also visited: Bailey.

You collected 541 gold pieces.

Inventory:

Hand Weapons
 a - a +1 rapier of protection (weapon)
Missiles
 E - 3 throwing nets (quivered)
Armour
 c - a +0 buckler (worn)
 q - a +0 pair of gloves (worn)
 w - a +1 cloak (worn)
 x - a +0 chain mail (worn)
Jewellery
 h - a ring of protection from fire
 j - a +4 ring of evasion (right hand)
 k - an amulet of guardian spirit (around neck)
 m - a +4 ring of evasion (left hand)
 p - a ring of poison resistance
 G - a ring of fire
Wands
 z - a wand of paralysis (3)
 C - a wand of flame (19)
 D - a wand of digging (6)
Scrolls
 e - 9 scrolls of identify
 l - a scroll of enchant weapon
 A - 2 scrolls of teleportation
Potions
 b - 3 potions of mutation
 d - 3 potions of might
 f - a potion of haste
 g - 2 potions of brilliance
 i - a potion of flight
 n - 5 potions of curing
 o - 4 potions of heal wounds
 r - a potion of berserk rage
 u - a potion of invisibility
 v - 2 potions of attraction
 F - a potion of lignification
Miscellaneous
 y - a tin of tremorstones (inert)


   Skills:
 + Level 7.8 Fighting
 + Level 11.1 Short Blades
 + Level 0.4 Throwing
 + Level 9.5 Armour
 + Level 3.7 Dodging
 + Level 1.0 Stealth
 + Level 9.6 Shields
 * Level 4.6 Invocations
 + Level 0.1 Evocations


You had 9 spell levels left.
You didn't know any spells.
Your spell library contained the following spells:

 Spells                   Type           Power      Damage    Failure   Level
 Apportation              Tloc           0%         N/A       98%         1
 Sandblast                Erth           0%         2d4       98%         1
 Passwall                 Tmut/Erth      0%         N/A       99%         2
 Portal Projectile        Hex/Tloc       0%         N/A       100%        3
 Stone Arrow              Conj/Erth      0%         3d7       100%        3
 Tukima's Dance           Hex            0%         N/A       100%        3
 Leda's Liquefaction      Hex/Erth       0%         N/A       100%        4
 Alistair's Intoxication  Tmut/Pois      0%         N/A       100%        5
 Blade Hands              Tmut           0%         N/A       100%        5
 Lee's Rapid Deconstruct  Erth           0%         3d5*      100%        5
 Iron Shot                Conj/Erth      0%         9d1       100%        6
 Statue Form              Tmut/Erth      0%         N/A       100%        6
 Lehudib's Crystal Spear  Conj/Erth      0%         10d2      100%        8


Dungeon Overview and Level Annotations

Branches:
Dungeon (9/15)             Temple (1/1) D:5          Bailey (visited)
   Lair: D:8-11         Orc: D:9-12

Altars:
Ashenzari
Cheibriados
Elyvilon
Gozag
Hepliaklqana
Kikubaaqudgha
Makhleb
Okawaru
Qazlal
Ru
Sif Muna
Trog
Uskayaw
Wu Jian
Xom
Yredelemnul
Zin
The Shining One
Lugonu

Shops:
D:3 (

Annotations:
D:7 2 transporters
D:9 Erolcha


Innate Abilities, Weirdness & Mutations

You have a pair of horns on your head.
You reflexively headbutt those who attack you in melee.


Message History

You block the juggernaut simulacrum's attack.
The juggernaut simulacrum barely misses you.
You hear a bellow!
You hear a hideous shriek!
You hear a hideous shriek!
An Executioner comes into view.
Press: ? - help, v - describe, . - travel
Here: an Executioner The floor.
As you read the scroll of teleportation, it crumbles to dust.
You feel strangely unstable.
You feel the power of the Abyss delaying your translocation!
The Executioner gestures.
The Executioner seems to speed up.
The tormentor attacks as you move away! The tormentor hits you.
* * * LOW HITPOINT WARNING * * *
You writhe in agony.
* * * LOW HITPOINT WARNING * * *
The tormentor closely misses you. The Executioner misses you.
The Executioner hits you but does no damage.
You block the Executioner's attack.
The Executioner is engulfed in blazing flames.
The Executioner hits you!
* * * LOW HITPOINT WARNING * * *
The Executioner misses you. x2
The tormentor attacks as you move away!
The tormentor hits you but does no damage.
You block the tormentor's attack.
The Executioner attacks as you move away!
You block the Executioner's attack.
The Executioner hits you but does no damage.
The Executioner hits you.
* * * LOW HITPOINT WARNING * * *
The Executioner is engulfed in blazing flames.
The tormentor calls on the powers of darkness!
Your body is wracked with pain!
* * * LOW HITPOINT WARNING * * *
The Executioner is engulfed in blazing flames.
The Executioner hits you!
You die...

.. . .. . #.
.####.### .
..#....#. ..
#...#..... .3
#.#...#.# ##x#
#@1#...# #...
#..#.○...#
#.#.Z
#.##2###.#
#..#.##. #..#
#..2####.°#..#
#...##....# #.
..##.##
..#.#...#... #
##.##......#


You could see an Executioner (fast) and a tormentor.

Vanquished Creatures
  The ghost of TimeIsEndless the Destroyer, a novice OpCj (D:8)
  Pikel (D:7)
  Maurice (D:8)
  A kobold demonologist (D:9)
  A troll (D:9)
  A small abomination (Abyss:2)
  A hornet (D:9)
  A ynoxinul (D:8)
  3 wyverns
  Grum (D:9)
  2 water moccasins
  An ice beast (D:6)
  4 sky beasts
  8 wolves
  2 ogres
  4 centaurs
  2 bullfrogs
  8 gnoll sergeants (Bailey)
  4 scorpions
  4 wights (D:6)
  12 killer bees
  3 howler monkeys
  5 hounds
  An orc priest (D:6)
  7 gnoll boudas
  2 iguanas
  2 orc wizards
  17 gnolls
  4 adders
  A shadow imp (D:6)
  3 white imps
  2 ufetubi (D:5)
  3 worms
  15 orcs
  8 ball pythons
  3 endoplasms
  7 giant cockroaches
  8 goblins
  4 hobgoblins
  8 jackals
  5 kobolds
  2 quokkas (D:1)
  7 bats
  5 frilled lizards
  A rat (D:2)
186 creatures vanquished.

Vanquished Creatures (others)
  A lurking horror (Abyss:2)
  3 plants (D:8)
  A withered plant (D:1)
5 creatures vanquished.

Grand Total: 191 creatures vanquished

Notes
Turn   | Place    | Note
-------+----------+-------------------------------------------
     0 | D:1      | Plasmagod the Minotaur Fighter began the quest for the Orb.
     0 | D:1      | Reached XP level 1. HP: 19/19 MP: 0/0
   161 | D:1      | Found a faded altar of an unknown god.
   471 | D:1      | Reached XP level 2. HP: 24/27 MP: 1/1
  1591 | D:2      | Reached XP level 3. HP: 29/33 MP: 2/2
  2193 | D:3      | Reached skill level 3 in Short Blades
  2196 | D:3      | Reached XP level 4. HP: 24/40 MP: 3/3
  2444 | D:3      | Found Sesevvy's Weapon Shoppe.
  2512 | D:3      | Found an opulent altar of Gozag.
  2669 | D:4      | Reached skill level 5 in Armour
  2867 | D:4      | Reached XP level 5. HP: 42/46 MP: 4/4
  3264 | D:5      | Entered Level 5 of the Dungeon
  3269 | D:5      | Reached skill level 1 in Dodging
  3269 | D:5      | Found a staircase to the Ecumenical Temple.
  3280 | Temple   | Entered the Ecumenical Temple
  3286 | Temple   | Became a worshipper of Qazlal Stormbringer
  3332 | D:5      | Reached skill level 4 in Short Blades
  3500 | D:5      | Identified the +6 dagger of the Neverending Knives {spect,
                  | rN+ Str-5 Int+6}
  3555 | D:5      | Reached XP level 6. HP: 51/53 MP: 5/5
  3880 | D:5      | Reached skill level 5 in Short Blades
  4032 | D:6      | Reached skill level 5 in Shields
  4032 | D:6      | Reached XP level 7. HP: 56/60 MP: 6/6
  4060 | D:6      | Found an ornate altar of the Wu Jian Council.
  4101 | D:6      | Reached skill level 6 in Short Blades
  4590 | D:6      | Reached skill level 5 in Fighting
  4664 | D:6      | Reached * piety under Qazlal
  4665 | D:6      | Reached skill level 7 in Short Blades
  4729 | D:6      | Reached XP level 8. HP: 68/68 MP: 7/7
  5389 | D:6      | Found a glowing golden altar of the Shining One.
  5440 | D:7      | Reached skill level 8 in Short Blades
  5569 | D:7      | Found a flagged portal.
  5572 | D:7      | Noticed Pikel
  5587 | D:7      | Killed Pikel
  5588 | D:7      | Reached XP level 9. HP: 54/78 MP: 6/8
  5600 | Bailey   | Entered a bailey
  5608 | Bailey   | Reached skill level 9 in Short Blades
  6061 | Bailey   | Reached ** piety under Qazlal
  6395 | Bailey   | Reached skill level 10 in Short Blades
  6407 | Bailey   | Identified the +1 scale mail of Poor Excuses {rC+ rN+ rCorr
                  | Str-4}
  6632 | D:7      | Reached skill level 1 in Invocations
  6664 | D:7      | Found a shimmering altar of Xom.
  6811 | D:7      | Noticed a large abomination
  6813 | D:7      | Noticed a purple ugly thing
  6814 | D:7      | Found a corrupted altar of Lugonu.
  6815 | D:7      | Noticed a purple ugly thing
  6856 | D:7      | Reached XP level 10. HP: 78/86 MP: 10/10
  7147 | D:7      | Found a transporter.
  7148 | D:7      | Found a transporter.
  7148 | D:7      | Noticed a cyan ugly thing
  7189 | D:8      | Found a runed translucent door.
  7191 | D:8      | Noticed TimeIsEndless's ghost (novice OpCj)
  7289 | D:8      | Noticed Maurice
  7290 | D:8      | Paralysed by Maurice for 3 turns
  7295 | D:8      | Paralysed by Maurice for 2 turns
  7302 | D:8      | Paralysed by Maurice for 3 turns
  7314 | D:8      | Killed Maurice
  7738 | D:8      | Killed TimeIsEndless's ghost
  7739 | D:8      | Reached skill level 1 in Stealth
  7802 | D:8      | Got Sif Muna's Excursus on Silt
  8071 | D:9      | Reached skill level 11 in Short Blades
  8122 | D:9      | Noticed Grum
  8133 | D:9      | Paralysed by a hornet for 1 turns
  8145 | D:9      | Killed Grum
  8192 | D:9      | Reached *** piety under Qazlal
  8652 | D:9      | Noticed Erolcha
  8675 | Abyss:2  | Cast into level 2 of the Abyss (Erolcha)
  8760 | Abyss:2  | Noticed a juggernaut simulacrum
  8767 | Abyss:2  | Noticed a smoke demon
  8778 | Abyss:2  | Noticed an Executioner
  8781 | Abyss:2  | HP: 4/88 [??? (2)]
  8781 | Abyss:2  | Mangled by an Executioner

Illustrated notes

Levels and vault maps discovered:
D:1:      saegor_arrival_simple_d, layout_basic,
          shapermc_ecumenical_altar_flowoftime
D:2:      minmay_wonky_spiral, layout_loops_ring, minmay_ruptured
D:3:      layout_rooms, grunt_gozag_statues, serial_shops, nicolae_diamond_shop
D:4:      layout_loops_ring, grunt_ministairs_13
D:5:      layout_basic, minmay_temple_entry_junction, due_unseen_surprise
D:6:      minmay_inner_zag, layout_loops_cross, tso_altar,
          nicolae_wu_jian_immortal_techniques, minmay_liquid_box
D:7:      gammafunk_corrupted_shrine, layout_cave_pools,
          mainiacjoe_overflow_tiny_flanked, serial_column_ruins,
          column_ruins_corridor_straight, column_ruins_columns_straight,
          column_ruins_grid_3, column_ruins_corridor_corner, enter_bailey_5,
          st_stairs_2, uniq_pikel
D:8:      layout_cave_pools, hellmonk_ghost_big_iron, uniq_maurice
D:9:      minmay_the_grid_triangle_9x9_recursive_2_mashed
          [minmay_the_grid_triangle_9x9_prize_special,
          minmay_the_grid_triangle_9x9_empty,
          minmay_the_grid_triangle_9x9_warning,
          minmay_the_grid_triangle_9x9_cache], layout_irregular_city, uniq_grum,
          uniq_erolcha, uniq_harold
Temple:   dpeg_three_leaves_temple
Abyss:2:  base: D:6, spicy_abyss_pitcher_plant

Skill      XL: |  1  2  3  4  5  6  7  8  9 10 |
---------------+-------------------------------+-----
Fighting       | 4 5 6 7 |  7.8
Armour         | 4 5 6 7 8 9 |  9.5
Shields        | 4 5 6 8 9 |  9.6
Short Blades   | 3 4 5 7 8 10 11 | 11.1
Dodging        | 1 2 3 |  3.7
Invocations    | 1 4 |  4.6
Stealth        | 1 |  1.0
Throwing       | |  0.4
Evocations     | |  0.1

Action                   |  1- 3 |  4- 6 |  7- 9 | 10-12 || total
-------------------------+-------+-------+-------+-------++-------
Melee: Rapier            |   134 |   109 |   385 |   217 ||   845
       Headbutt          |    20 |    21 |    88 |    38 ||   167
Throw: Throwing net      |       |       |       |     3 ||     3
Invok: Upheaval          |       |       |       |     1 ||     1
Evoke: Tin of tremorston |       |       |     2 |       ||     2
  Use: Scroll            |       |    14 |       |     5 ||    19
       Potion            |       |       |     4 |     1 ||     5
Armor: Scale mail        |    67 |    13 |       |       ||    80
       Chain mail        |       |    27 |   127 |    65 ||   219
Dodge: Dodged            |    88 |    64 |   252 |   161 ||   565
Block: Buckler           |    40 |    29 |   141 |   126 ||   336

Table legend: (Time is in decaauts)
 A = Elapsed time spent in this place.
 B = Non-inter-level travel time spent in this place.
 C = Inter-level travel time spent in this place.
 D = Time resting spent in this place.
 E = Time spent auto-exploring this place.
 F = Levels seen in this place.
 G = Mean time per level.
                   A        B        C        D        E       F      G
               +--------+--------+--------+--------+--------+-----+--------+
         Total |   8662 |   8381 |    281 |    833 |   5953 |  12 |  721.8 |
       Dungeon |   7580 |   7304 |    276 |    343 |   5772 |   9 |  842.2 |
        Temple |     12 |      7 |      5 |      0 |      0 |   1 |   12.0 |
         Abyss |     88 |     88 |      0 |      0 |      0 |   1 |   88.0 |
        Bailey |    981 |    981 |      0 |    490 |    181 |   1 |  981.0 |
               +--------+--------+--------+--------+--------+-----+--------+

Top non-repeatable levels by time:
     D:6: 1434 daAuts
     D:1: 1055 daAuts
     D:2: 1007 daAuts
  Bailey: 981 daAuts
     D:9: 808 daAuts
     D:7: 740 daAuts
     D:5: 699 daAuts
     D:4: 619 daAuts
     D:8: 613 daAuts
     D:3: 600 daAuts
 Abyss:2: 88 daAuts
  Temple: 12 daAuts
